 Dungeon Crawl Stone Soup version 0.14-a0-2839-g31ee8e6 (webtiles) character file.

76542 Froboctopus the Destroyer (level 15, -18/99 HPs)
             Began as a White Draconian Conjurer on Feb 26, 2014.
             Was the Champion of Vehumet.
             Killed from afar by Azrael (42 damage)
             ... with a blast of hellfire
             ... on Level 15 of the Dungeon.
             The game lasted 01:58:31 (28345 turns).

Froboctopus the Destroyer (DrCj)                   Turns: 28345, Time: 01:58:32

HP -18/99        AC 21     Str 10      XL: 15   Next:  8%
MP   1/35        EV 17     Int 22      God: Vehumet [******]
Gold 1423        SH  8     Dex 12      Spells:  7 memorised, 14 levels left

rFire  . . .     SeeInvis +     H - +5,+3 flail (protect)
rCold  + . .     Clarity  .     (armour unavailable)
rNeg   . . .     Conserve .     I - +0 buckler
rPois  .         rCorr    .     (helmet restricted)
rElec  .         rRot     .     C - +2 cloak
SustAb . .       Spirit   .     j - +0 pair of gloves
rMut   .         Warding  .     i - +2 pair of boots
Saprov . . .     Stasis   .     (no amulet)
MR     +....                    p - ring of see invisible
                                h - +6 ring of evasion

@: repel missiles, somewhat resistant to hostile enchantments, unstealthy
A: breathe frost, unfitting armour, cold resistance 1, AC +9
a: Breathe Frost, Renounce Religion


You were on level 15 of the Dungeon.
You worshipped Vehumet.
Vehumet was exalted by your worship.
You were hungry.

You visited 3 branches of the dungeon, and saw 24 of its levels.

You collected 1423 gold pieces.

Inventory:

Hand weapons
 H - a +5,+3 flail of protection (weapon)
Armour
 i - a +2 pair of boots (worn)
 j - a +0 pair of gloves (worn)
 C - a +2 cloak (worn)
 I - a +0 buckler (worn)
Magical devices
 k - a wand of teleportation (6)
 o - a wand of draining (3)
 s - a wand of disintegration (15)
 z - a wand of hasting (6)
 K - a wand of heal wounds (9)
 O - a wand of digging (11)
Comestibles
 b - 2 bread rations
 l - 2 honeycombs
 m - 4 chunks of cyclops flesh
 x - 3 meat rations
 J - 2 apples
 P - a choko
Scrolls
 a - 4 scrolls of fog
 c - a scroll of blinking
 d - 2 scrolls of magic mapping
 e - a scroll of enchant weapon II
 q - a scroll of enchant armour
 r - 3 scrolls of fear
 u - 3 scrolls of identify
 y - 4 scrolls of remove curse
 G - 2 scrolls of teleportation
Jewellery
 h - a +6 ring of evasion (left hand)
 p - a ring of see invisible (right hand)
 v - an uncursed ring of positive energy
 D - an uncursed ring of protection from cold
Potions
 f - 5 potions of heal wounds
 g - 5 potions of curing
 n - a potion of speed
 t - a potion of might
 w - a potion of berserk rage
 F - a potion of magic
 M - a potion of restore abilities
 N - 2 potions of brilliance


   Skills:
 - Level 1.7 Dodging
 - Level 1.7 Stealth
 - Level 2.2 Shields
 + Level 13.4 Spellcasting
 - Level 17.0 Conjurations
 - Level 7.0 Charms
 * Level 10.4 Ice Magic
 - Level 9.0 Poison Magic


You had 14 spell levels left.
You knew the following spells:

 Your Spells              Type           Power        Failure   Level  Hunger
a - Magic Dart            Conj           ####         0%          1    None
b - Iskenderun's Mystic   Conj           ######..     1%          4    None
c - Iskenderun's Battles  Conj/Chrm      ######..     1%          5    ##.....
d - Poison Arrow          Conj/Pois      ######....   1%          6    #####..
e - Repel Missiles        Chrm/Air       ####..       1%          2    None
f - Swiftness             Chrm/Air       ####....     1%          2    None
g - Freezing Cloud        Conj/Ice/Air   ######....   4%          6    #####..


Dungeon Overview and Level Annotations

Branches:
Dungeon (15/16)            Temple (1/1) D:5             Orc (0/4) D:9
   Lair (8/8) D:9           Swamp (0/5) Lair:5        Snake (0/5) Lair:3
  Slime (0/6) Lair:7
 Vaults: D:14-15

Altars:
Ashenzari
Cheibriados
Dithmenos
Elyvilon
Fedhas
Kikubaaqudgha
Makhleb
Nemelex Xobeh
Okawaru
Sif Muna
Trog
Vehumet
Xom
Yredelemnul
Zin
The Shining One

Shops:
D:13 :

Annotations:
D:15 Azrael


Innate Abilities, Weirdness & Mutations

You can breathe waves of freezing cold.
You can buffet flying creatures when you breathe cold.
Your icy white scales are hard (AC +9).
Your body does not fit into most forms of armour.
Your cold-blooded metabolism reacts poorly to cold.
Your flesh is cold resistant.


Message History

Casting: Freezing Cloud
Confirm with . or Enter, or press ? or * to list all spells.
Aiming: Poison Arrow
Press: ? - help, Shift-Dir - straight line, f/p - Azrael
Aim: Azrael, wielding a scimitar of flaming (freezing vapour, lightly wounded)
The poison arrow misses Azrael.
You are feeling hungry.
Azrael is engulfed in freezing vapours.
Azrael throws fire at you.
You hear a sizzling sound!
Unknown command.
Azrael is engulfed in freezing vapours.
Azrael throws fire at you.
The fireball explodes!
The fireball engulfs you!
One of your 2 scrolls of blinking catches fire!
* * * LOW HITPOINT WARNING * * *
You see here a dagger.
Azrael throws hellfire at you.
The hellfire explodes!
The blast of hellfire engulfs you!
You die...

#.......# #.#..# ...##
##########.#..# .
........##.#(.#
...............#
.[........##.##.#
#..........##.##.#
#..........##.##.########
.............)...........
##.!....####@##.######.#
#####..........#)##.#
...............#.##)#
...............#.##.#
...............#.##.#
.....).........#)##.#
...............#.##.#
##.............#.##.#
##...#......####R##.#


You could see Azrael.

Vanquished Creatures
  9 hydras
  Nessos (D:13)
  9 death yaks (Lair:8)
  2 centaur warriors
  4 catoblepae
  Nergalle (D:12)
  An unseen horror (D:12)
  7 hill giants
  Erolcha (D:13)
  Joseph (D:9)
  A harpy (shapeshifter) (D:14)
  A lindwurm (Lair:6)
  5 slime creatures (D:13)
  A manticore (D:13)
  2 griffons
  Maurice (D:8)
  3 cyclopes
  5 elephants (Lair:5)
  2 black mambas
  An eye of devastation (D:14)
  A queen ant (Lair:2)
  8 spiny frogs
  A feature mimic (D:12)
  A fire drake (Lair:8)
  Grinder (D:6)
  A queen bee (Lair:2)
  6 komodo dragons
  A spriggan (D:10)
  3 trolls
  2 polar bears
  A hydra skeleton (D:13)
  Prince Ribbit (D:5)
  A boulder beetle (Lair:6)
  A fire vortex (D:12)
  3 blink frogs (Lair:8)
  2 basilisks
  2 wyverns (D:11)
  2 water elementals (D:11)
  12 ugly things
  An elephant slug (Lair:7)
  4 vampire mosquitoes (D:15)
  2 wraiths (D:13)
  2 fire elementals (D:15)
  9 hippogriffs
  A hill giant zombie (D:10)
  54 yaks
  Eustachio (D:6)
  3 hungry ghosts
  Grum (D:9)
  12 sharks
  A human (D:10)
  4 wolves (D:9)
  3 hell hounds (D:15)
  2 swamp worms (Lair:5)
  7 necrophages
  Edmund (D:7)
  6 nagas (Lair:3)
  A mottled dragon (D:12)
  21 soldier ants
  2 sky beasts
  11 porcupines
  2 black bears
  3 phantoms
  9 orc warriors
  5 ice beasts
  4 ogres
  10 crocodiles
  4 boring beetles
  18 centaurs
  A big kobold (D:15)
  6 giant goldfish
  Sigmund (D:5)
  Duvessa (D:6)
  4 lava worms
  10 giant slugs
  18 water moccasins
  14 giant frogs
  8 removed MONS_AGATE_SNAILs
  A gnoll sergeant (D:9)
  3 eyes of draining
  19 wights
  A troll zombie (D:13)
  35 killer bees
  A troll skeleton (D:12)
  6 goliath beetles
  4 lava snakes
  6 orc priests
  10 crimson imps
  A giant frog zombie (D:5)
  11 electric eels
  Dowan (D:6)
  10 big fish
  A scorpion (D:5)
  5 jellies
  6 iguanas
  20 orc wizards
  45 worker ants
  Natasha (twice) (D:5)
  7 orange rats (Lair:5)
  29 sheep
  Ijyb (D:3)
  A hound skeleton (D:11)
  2 human simulacra (D:14)
  A mummy (D:9)
  A spectral human (D:5)
  9 gnolls
  33 adders
  5 giant centipedes
  58 green rats
  9 hounds
  2 giant mites
  A goliath beetle zombie (D:13)
  9 worms
  An iguana zombie (D:7)
  An iguana skeleton (D:4)
  2 giant eyeballs
  13 giant geckos
  3 oozes
  44 orcs
  A bat skeleton (D:7)
  9 giant cockroaches
  10 goblins
  12 hobgoblins
  23 jackals
  5 quokkas
  2 ball pythons
  20 bats
  A giant newt (D:4)
  3 giant spores
  18 kobolds
  3 orc skeletons
  22 rats
  6 ballistomycetes
  2 plants
932 creatures vanquished.

Vanquished Creatures (others)
  A water elemental (D:12)
  A yak (D:9)
  A human (D:4)
  A ballistomycete (D:8)
  5 fungi
  13 plants
22 creatures vanquished.

Grand Total: 954 creatures vanquished

Notes
Turn   | Place    | Note
--------------------------------------------------------------
     0 | D:1      | Froboctopus, the Draconian Conjurer, began the quest for the Orb.
     0 | D:1      | Reached XP level 1. HP: 14/14 MP: 3/3
   218 | D:1      | Reached XP level 2. HP: 20/20 MP: 0/4
   746 | D:2      | Reached XP level 3. HP: 23/26 MP: 0/6
  1229 | D:2      | Reached XP level 4. HP: 33/33 MP: 4/9
  1467 | D:3      | Learned a level 4 spell: Iskenderun's Mystic Blast
  1539 | D:3      | Noticed Ijyb
  1548 | D:3      | Killed Ijyb
  1548 | D:3      | Reached skill level 5 in Conjurations
  2244 | D:3      | Reached XP level 5. HP: 35/38 MP: 0/12
  2414 | D:3      | Learned a level 5 spell: Iskenderun's Battlesphere
  2584 | D:4      | Found an ancient bone altar of Kikubaaqudgha.
  2729 | D:4      | Reached skill level 1 in Charms
  2859 | D:4      | Reached XP level 6. HP: 45/45 MP: 12/15
  3338 | D:4      | Noticed a human
  3339 | D:4      | Killed a human
  3372 | D:5      | Entered Level 5 of the Dungeon
  3377 | D:5      | Noticed Sigmund
  3378 | D:5      | Noticed Prince Ribbit
  3606 | D:5      | Killed Prince Ribbit
  3606 | D:5      | Reached skill level 6 in Conjurations
  3606 | D:5      | Your scales start taking on an icy white colour.
  3606 | D:5      | Gained mutation: Your flesh is cold resistant. [draconian maturity]
  3606 | D:5      | Reached XP level 7. HP: 35/50 MP: 6/17
  3814 | D:5      | Killed Sigmund
  3861 | D:5      | Found a bloodstained altar of Trog.
  4223 | D:5      | Found a staircase to the Ecumenical Temple.
  4244 | Temple   | Entered the Ecumenical Temple
  4284 | Temple   | Became a worshipper of Vehumet
  4452 | D:5      | Reached skill level 5 in Spellcasting
  4555 | D:5      | Noticed Natasha
  4559 | D:5      | Killed Natasha
  4575 | D:5      | Found a basalt altar of Yredelemnul.
  4630 | D:5      | Noticed Natasha
  4632 | D:5      | Killed Natasha
  4638 | D:5      | Reached XP level 8. HP: 57/57 MP: 6/20
  4770 | D:6      | Noticed Grinder
  4809 | D:6      | Paralysed by Grinder for 4 turns
  4823 | D:6      | Killed Grinder
  4823 | D:6      | Reached skill level 7 in Conjurations
  4823 | D:6      | Reached skill level 5 in Charms
  4837 | D:6      | Noticed Duvessa
  4838 | D:6      | Noticed Dowan
  5133 | D:6      | Noticed Eustachio
  5175 | D:6      | Killed Eustachio
  5178 | D:6      | Acquired Vehumet's first power
  5178 | D:6      | Offered knowledge of Freeze by Vehumet.
  5551 | D:6      | Killed Dowan
  5677 | D:6      | Killed Duvessa
  5699 | D:6      | Paralysed by a giant eyeball for 3 turns
  6120 | D:7      | Reached skill level 8 in Conjurations
  6120 | D:7      | Reached XP level 9. HP: 62/62 MP: 15/23
  6323 | D:7      | Noticed Edmund
  6331 | D:7      | Killed Edmund
  6906 | D:8      | Reached skill level 1 in Shields
  7346 | D:8      | Offered knowledge of Sandblast by Vehumet.
  7374 | D:8      | Reached skill level 9 in Conjurations
  7923 | D:8      | Noticed Maurice
  7956 | D:8      | Killed Maurice
  7973 | D:8      | Reached skill level 10 in Conjurations
  8390 | D:9      | Found a staircase to the Lair.
  8413 | D:9      | Reached XP level 10. HP: 69/69 MP: 21/26
  8415 | D:9      | Noticed Joseph
  8447 | D:9      | Killed Joseph
  8657 | D:9      | Offered knowledge of Static Discharge by Vehumet.
  8768 | D:9      | Noticed a centaur warrior
  8797 | D:9      | Killed a centaur warrior
  8797 | D:9      | Reached skill level 11 in Conjurations
  9151 | D:9      | Acquired Vehumet's second power
  9330 | D:9      | Noticed Grum
  9336 | D:9      | Killed Grum
  9393 | D:9      | Reached skill level 12 in Conjurations
  9393 | D:9      | Offered knowledge of Olgreb's Toxic Radiance by Vehumet.
  9541 | D:9      | Learned a level 6 spell: Poison Arrow
  9766 | D:9      | Found a staircase to the Orcish Mines.
  9924 | Lair:1   | Entered Level 1 of the Lair of Beasts
  9939 | Lair:1   | Reached skill level 1 in Poison Magic
  9965 | Lair:1   | Reached XP level 11. HP: 74/74 MP: 8/28
  9980 | Lair:1   | Acquired Vehumet's third power
 10043 | Lair:1   | Noticed a four-headed hydra
 10083 | Lair:1   | Offered knowledge of Fireball by Vehumet.
 10097 | Lair:1   | Killed a four-headed hydra
 11007 | Lair:2   | Reached skill level 13 in Conjurations
 11762 | Lair:2   | Reached skill level 10 in Spellcasting
 11803 | Lair:2   | Offered knowledge of Conjure Ball Lightning by Vehumet.
 12084 | Lair:2   | Gained mutation: Your magical capacity is low (-10% MP). [potion of mutation]
 12084 | Lair:2   | Gained mutation: Your vision is a little blurry. [potion of mutation]
 12084 | Lair:2   | Gained mutation: Your magical capacity is very low (-20% MP). [potion of mutation]
 12085 | Lair:2   | Lost mutation: Your magical capacity is very low (-20% MP). [potion of cure mutation]
 12085 | Lair:2   | Lost mutation: Your magical capacity is low (-10% MP). [potion of cure mutation]
 12085 | Lair:2   | Lost mutation: Your vision is a little blurry. [potion of cure mutation]
 12931 | Lair:2   | Reached XP level 12. HP: 81/81 MP: 17/30
 12936 | Lair:2   | Reached skill level 5 in Poison Magic
 12994 | Lair:2   | Reached skill level 14 in Conjurations
 13423 | Lair:3   | Learned a level 2 spell: Repel Missiles
 13426 | Lair:3   | Learned a level 2 spell: Swiftness
 13964 | Lair:3   | Found a staircase to the Snake Pit.
 13968 | Lair:3   | Offered knowledge of Bolt of Magma by Vehumet.
 15257 | Lair:4   | Reached skill level 15 in Conjurations
 15745 | Lair:5   | Offered knowledge of Lee's Rapid Deconstruction by Vehumet.
 15904 | Lair:5   | Noticed an eight-headed hydra
 15908 | Lair:5   | Killed an eight-headed hydra
 15908 | Lair:5   | Reached XP level 13. HP: 86/86 MP: 18/32
 16907 | Lair:5   | Found a staircase to the Swamp.
 17577 | Lair:6   | Offered knowledge of Force Lance by Vehumet.
 18652 | Lair:7   | Reached skill level 16 in Conjurations
 18879 | Lair:7   | Found a staircase to the Slime Pits.
 19135 | Lair:8   | Entered Level 8 of the Lair of Beasts
 19986 | Lair:8   | Reached XP level 14. HP: 93/93 MP: 5/34
 20145 | Lair:8   | Offered knowledge of Poisonous Cloud by Vehumet.
 21445 | D:10     | Entered Level 10 of the Dungeon
 21450 | D:10     | Got a crude dire flail
 21683 | D:10     | Learned a level 6 spell: Freezing Cloud
 22231 | D:11     | Reached skill level 17 in Conjurations
 22259 | D:11     | Reached skill level 1 in Ice Magic
 22586 | D:11     | Found an ancient bone altar of Kikubaaqudgha.
 23132 | D:11     | Offered knowledge of Iron Shot by Vehumet.
 23151 | D:11     | Upgraded the game from 0.14-a0-2810-g474977d to 0.14-a0-2839-g31ee8e6
 23990 | D:12     | Identified the Handbook of Enhancements and Weightlessness
 24120 | D:12     | Reached skill level 5 in Ice Magic
 24258 | D:12     | Noticed Nergalle
 24261 | D:12     | Killed Nergalle
 25030 | D:13     | Found Sies' Book Emporium.
 25037 | D:13     | Noticed Erolcha
 25041 | D:13     | Killed Erolcha
 25510 | D:13     | Noticed Nessos
 25514 | D:13     | Killed Nessos
 25945 | D:13     | Offered knowledge of Delayed Fireball by Vehumet.
 27730 | D:15     | Entered Level 15 of the Dungeon
 28111 | D:15     | Reached XP level 15. HP: 99/99 MP: 26/35
 28116 | D:15     | Reached skill level 10 in Ice Magic
 28179 | D:15     | Offered knowledge of Glaciate by Vehumet.
 28179 | D:15     | Offered knowledge of Shatter by Vehumet.
 28179 | D:15     | Offered knowledge of Tornado by Vehumet.
 28240 | D:15     | Noticed Azrael
 28345 | D:15     | Killed from afar by Azrael

Action                   |  1- 3 |  4- 6 |  7- 9 | 10-12 | 13-15 || total
-------------------------+-------+-------+-------+-------+-------++-------
Melee: Dagger            |    39 |    36 |       |       |       ||    75
       Unarmed           |     3 |       |       |       |       ||     3
       Hand axe          |       |     4 |    13 |       |       ||    17
       Short sword       |       |       |    10 |       |       ||    10
       Flail             |       |       |    62 |   172 |   243 ||   477
 Cast: Magic Dart        |    74 |   151 |   242 |   645 |   589 ||  1701
       Iskenderun's Myst |       |     5 |    43 |    75 |   149 ||   272
       Iskenderun's Batt |       |       |    16 |   108 |    92 ||   216
       Poison Arrow      |       |       |       |    21 |   113 ||   134
       Swiftness         |       |       |       |       |     1 ||     1
       Freezing Cloud    |       |       |       |       |    14 ||    14
       Repel Missiles    |       |       |       |       |     1 ||     1
 Abil: Breathe Frost     |       |       |     5 |    21 |     7 ||    33
Evoke: Wand              |       |     7 |     3 |    10 |     7 ||    27
  Use: Scroll            |       |    17 |     6 |     6 |     9 ||    38
       Potion            |       |       |       |     3 |       ||     3
 Stab: Sleeping          |     2 |       |       |       |       ||     2
